Predators vs Sharks

Created - November 3 2010 at 17:51

Goals
1 2 3 T
Predators 1 1 1 3
Sharks 1 0 0 1
Shots
1 2 3 T
Predators 15 10 17 42
Sharks 7 7 6 20

Period #1

1. Predators , Patrik Elias 4 (Nicklas Backstrom, Tomas Kaberle) at 1:55 (PP)
2. Sharks , Marc Savard 4 (Shane OBrien, Shane Doan) at 17:33 (PP)

Penalties :
Jarret Stoll (SJS) for Roughing (Minor) at 0:49, Johnny Boychuk (SJS) for Slashing (Minor) at 1:15, Alexandre Burrows (NSH) for Hooking (Minor) at 11:57, Alexandre Burrows (NSH) for Roughing (Minor) at 17:18, Blake Comeau (SJS) for Cross-checking (Minor) at 18:23

Period #2

3. Predators , Scottie Upshall 3 (Jeff Carter, Patrik Elias) at 8:07

Penalties :
Nicklas Backstrom (NSH) for Holding (Minor) at 2:56, Mark Stuart (SJS) for Hooking (Minor) at 18:35

Period #3

4. Predators , Patric Hornqvist 6 (Jeff Carter) at 15:50 (PP)

Penalties :
Marc Savard (SJS) for Fighting (Major) at 0:17, Shea Weber (NSH) for Fighting (Major) at 0:17, Mark Stuart (SJS) for Roughing (Minor) at 2:26, Shane OBrien (SJS) for Hooking (Minor) at 6:02, Patric Hornqvist (NSH) for Hooking (Minor) at 6:35, Nick Foligno (SJS) for Hooking (Minor) at 8:49, Nick Foligno (SJS) for High sticking (Minor) at 13:57, Mark Stuart (SJS) for Roughing (Minor) at 16:37

Goalie Stats

Pekka Rinne (NSH), 19 saves from 20 shots - (0.950), W, 12-1-0, 60:00 minutes
Martin Brodeur (SJS), 39 saves from 42 shots - (0.929), L, 2-6-1, 60:00 minutes

Players Stats

Predators
Player Name              G  A  P  +/- PIM S  H  SB FO    MP 
------------------------------------------------------------
Alexandre Burrows        0  0  0   0  4   4  2  0  2/4   16 
Braydon Coburn           0  0  0   0  0   1  0  2  0/0   15 
Brent Burns              0  0  0   0  0   2  0  0  0/0   18 
Cody Franson             0  0  0   0  0   0  0  0  0/0   9  
David Legwand            0  0  0   0  0   0  0  0  5/7   11 
Derek Morris             0  0  0   1  0   0  0  1  0/0   12 
Eric Nystrom             0  0  0   0  0   0  0  0  1/3   11 
Jeff Carter              0  2  2   1  0   5  1  0  20/31 18 
Nicklas Backstrom        0  1  1   0  2   6  4  0  16/27 20 
Patric Hornqvist         1  0  1   0  2   4  2  0  0/0   18 
Patrik Elias             1  1  2   1  0   4  0  0  1/3   22 
Scottie Upshall          1  0  1   1  0   4  1  0  0/0   17 
Shea Weber               0  0  0   0  5   1  1  1  0/0   21 
Simon Gagne              0  0  0   0  0   2  0  0  1/2   20 
Steven Stamkos           0  0  0   0  0   6  0  0  9/15  13 
Thomas Vanek             0  0  0   0  0   2  0  0  0/0   17 
Tomas Kaberle            0  1  1   1  0   1  0  0  0/0   19 
Zbynek Michalek          0  0  0   0  0   0  0  2  0/0   18 
Sharks
Player Name              G  A  P  +/- PIM S  H  SB FO    MP 
------------------------------------------------------------
Alex Tanguay             0  0  0   0  0   1  0  0  1/4   13 
Blake Comeau             0  0  0   0  2   3  1  0  0/0   18 
Brad Staubitz            0  0  0  -1  0   0  1  0  0/0   10 
Bryan McCabe             0  0  0   0  0   1  4  1  0/0   24 
Dainius Zubrus           0  0  0   0  0   0  0  0  0/0   13 
Erik Christensen         0  0  0   0  0   1  1  1  5/13  13 
Francois Beauchemin      0  0  0  -1  0   3  1  4  0/0   25 
Jarret Stoll             0  0  0   0  2   0  2  1  16/34 21 
Johnny Boychuk           0  0  0   0  2   1  2  1  0/0   20 
Kamil Kreps              0  0  0  -1  0   0  0  0  7/15  11 
Marc Savard              1  0  1   0  5   4  1  0  6/21  14 
Marek Zidlicky           0  0  0   0  0   1  0  3  0/0   23 
Mark Stuart              0  0  0  -1  6   1  2  1  0/0   12 
Mason Raymond            0  0  0   0  0   3  0  0  1/4   11 
Nick Foligno             0  0  0   0  4   0  2  0  1/1   13 
Shane Doan               0  1  1   0  0   0  0  1  0/0   15 
Shane OBrien             0  1  1   0  2   0  5  1  0/0   17 
Tom Kostopoulos          0  0  0  -1  0   1  0  0  0/0   10 

3 Stars

1 - Patrik Elias (NSH)
2 - Pekka Rinne (NSH)
3 - Jeff Carter (NSH)

Power Play

Predators - 2 on 9 Attempt(s) - 22.22%
Sharks - 1 on 4 Attempt(s) - 25.00%

Penalty Kill

Predators - 3 on 4 Attempt(s) - 75.00% - Score 0 goal in Penalty Kill
Sharks - 7 on 9 Attempt(s) - 77.78% - Score 0 goal in Penalty Kill

Game Notes

Marc Savard and Shea Weber fight to a draw at 0:17 of 3rd period

Finance

Level 1 -- Attendance: 4773 (73.43%) -- Ticket Income $477,300.00
Level 2 -- Attendance: 3926 (78.52%) -- Ticket Income $235,560.00
Level 3 -- Attendance: 2846 (81.31%) -- Ticket Income $99,610.00
Level 4 -- Attendance: 1496 (100.00%) -- Ticket Income $29,920.00
Luxury Box -- Attendance: 795 (79.50%) -- Ticket Income $159,000.00
Game was played at the HP Pavilion center
Total Attendance: 13836 (79.08%)
Total Ticket Income: $1,028,024.00
Other Income: $186,676.80
Total Income: $1,214,701.00


Play by Play

Period #1

0:01 of 1st period - Nicklas Backstrom wins face-off versus Marc Savard in neutral zone.
0:15 of 1st period - Patric Hornqvist is hit by Bryan McCabe and loses puck.
0:23 of 1st period - Shot by Marc Savard.
0:23 of 1st period - Stopped by Pekka Rinne without a rebound.
0:24 of 1st period - Jeff Carter wins face-off versus Jarret Stoll in Predators zone.
0:30 of 1st period - Patrik Elias is hit by Jarret Stoll and loses puck.
0:49 of 1st period - Minor Penalty to Jarret Stoll for Roughing.
0:50 of 1st period - Jeff Carter wins face-off versus Marc Savard in Sharks zone.
1:05 of 1st period - Shot by Brent Burns.
1:05 of 1st period - Stopped by Martin Brodeur with a rebound.
1:09 of 1st period - Shot by Scottie Upshall.
1:09 of 1st period - Stopped by Martin Brodeur without a rebound.
1:10 of 1st period - Nicklas Backstrom wins face-off versus Mason Raymond in Sharks zone.
1:11 of 1st period - Shot by Tomas Kaberle.
1:11 of 1st period - Shot Blocked by Johnny Boychuk.
1:13 of 1st period - Shot by Tomas Kaberle.
1:13 of 1st period - Deflect By Nicklas Backstrom.
1:13 of 1st period - Stopped by Martin Brodeur with a rebound.
1:15 of 1st period - Shot by Patrik Elias.
1:15 of 1st period - Stopped by Martin Brodeur without a rebound.
1:15 of 1st period - Minor Penalty to Johnny Boychuk for Slashing.
1:16 of 1st period - Nicklas Backstrom wins face-off versus Marc Savard in Sharks zone.
1:21 of 1st period - Shot by Nicklas Backstrom.
1:21 of 1st period - Stopped by Martin Brodeur without a rebound.
1:22 of 1st period - Kamil Kreps wins face-off versus Nicklas Backstrom in Sharks zone.
1:55 of 1st period - Shot by Patrik Elias.
1:55 of 1st period - Goal by Patrik Elias - Predators : 1 - Sharks : 0.
1:56 of 1st period - Jarret Stoll wins face-off versus Jeff Carter in neutral zone.
2:41 of 1st period - Icing by Scottie Upshall.
2:42 of 1st period - Jeff Carter wins face-off versus Marc Savard in Predators zone.
3:05 of 1st period - Shot by Thomas Vanek.
3:05 of 1st period - Stopped by Martin Brodeur without a rebound.
3:06 of 1st period - Nicklas Backstrom wins face-off versus Jarret Stoll in Sharks zone.
3:09 of 1st period - Shot by Shea Weber.
3:09 of 1st period - Shot Misses the Net.
3:11 of 1st period - Shot by Nicklas Backstrom.
3:11 of 1st period - Shot Misses the Net.
3:13 of 1st period - Shot by Tomas Kaberle.
3:13 of 1st period - Shot Misses the Net.
3:15 of 1st period - Shot by Thomas Vanek.
3:15 of 1st period - Shot Misses the Net.
3:31 of 1st period - Shot by Steven Stamkos.
3:31 of 1st period - Shot Hit the Post.
3:35 of 1st period - Shot by Alexandre Burrows.
3:35 of 1st period - Stopped by Martin Brodeur without a rebound.
3:36 of 1st period - Kamil Kreps wins face-off versus Patrik Elias in Sharks zone.
4:10 of 1st period - Shot by Eric Nystrom.
4:10 of 1st period - Shot Misses the Net.
4:13 of 1st period - Icing by Francois Beauchemin.
4:14 of 1st period - Steven Stamkos wins face-off versus Kamil Kreps in Sharks zone.
4:26 of 1st period - Icing by Francois Beauchemin.
4:27 of 1st period - Kamil Kreps wins face-off versus Nicklas Backstrom in Sharks zone.
4:36 of 1st period - Shot by Patric Hornqvist.
4:36 of 1st period - Stopped by Martin Brodeur without a rebound.
4:37 of 1st period - Alexandre Burrows wins face-off versus Jarret Stoll in Sharks zone.
4:38 of 1st period - Shot by Steven Stamkos.
4:38 of 1st period - Stopped by Martin Brodeur without a rebound.
4:39 of 1st period - Steven Stamkos wins face-off versus Jarret Stoll in Sharks zone.
4:46 of 1st period - Shot by Alexandre Burrows.
4:46 of 1st period - Stopped by Martin Brodeur without a rebound.
4:47 of 1st period - Nicklas Backstrom wins face-off versus Erik Christensen in Sharks zone.
4:54 of 1st period - Erik Christensen is hit by Patric Hornqvist and loses puck.
5:19 of 1st period - Shot by Nicklas Backstrom.
5:19 of 1st period - Shot Misses the Net.
5:21 of 1st period - Shot by Patric Hornqvist.
5:21 of 1st period - Shot Misses the Net.
6:13 of 1st period - Shot by Dainius Zubrus.
6:13 of 1st period - Shot Misses the Net.
6:15 of 1st period - Shot by Blake Comeau.
6:15 of 1st period - Stopped by Pekka Rinne with a rebound.
6:19 of 1st period - Shot by Jarret Stoll.
6:19 of 1st period - Shot Misses the Net.
6:21 of 1st period - Shot by Marek Zidlicky.
6:21 of 1st period - Shot Misses the Net.
6:38 of 1st period - Icing by Tom Kostopoulos.
6:39 of 1st period - Kamil Kreps wins face-off versus Steven Stamkos in Sharks zone.
7:07 of 1st period - Icing by Francois Beauchemin.
7:08 of 1st period - Nicklas Backstrom wins face-off versus Kamil Kreps in Sharks zone.
7:30 of 1st period - Shot by Nicklas Backstrom.
7:30 of 1st period - Shot Blocked by Francois Beauchemin.
7:33 of 1st period - Icing by Mark Stuart.
7:34 of 1st period - Steven Stamkos wins face-off versus Kamil Kreps in Sharks zone.
8:25 of 1st period - Icing by Zbynek Michalek.
8:26 of 1st period - Steven Stamkos wins face-off versus Erik Christensen in Predators zone.
8:45 of 1st period - Brent Burns is hit by Nick Foligno and loses puck.
8:51 of 1st period - Icing by Patric Hornqvist.
8:52 of 1st period - Jarret Stoll wins face-off versus Nicklas Backstrom in Predators zone.
8:58 of 1st period - Icing by Brent Burns.
8:59 of 1st period - Jarret Stoll wins face-off versus Nicklas Backstrom in Predators zone.
9:14 of 1st period - Shot by Blake Comeau.
9:14 of 1st period - Stopped by Pekka Rinne without a rebound.
9:15 of 1st period - Alex Tanguay wins face-off versus Jeff Carter in Predators zone.
9:23 of 1st period - Off-side.
9:24 of 1st period - David Legwand wins face-off versus Jarret Stoll in neutral zone.
9:33 of 1st period - Shot by Patrik Elias.
9:33 of 1st period - Shot Misses the Net.
11:20 of 1st period - Shot by Steven Stamkos.
11:20 of 1st period - Stopped by Martin Brodeur with a rebound.
11:24 of 1st period - Shot by Steven Stamkos.
11:24 of 1st period - Shot Misses the Net.
11:28 of 1st period - Shot by Steven Stamkos.
11:28 of 1st period - Shot Misses the Net.
11:30 of 1st period - Shot by Braydon Coburn.
11:30 of 1st period - Stopped by Martin Brodeur without a rebound.
11:31 of 1st period - Jarret Stoll wins face-off versus Steven Stamkos in Sharks zone.
11:57 of 1st period - Minor Penalty to Alexandre Burrows for Hooking.
11:58 of 1st period - Nicklas Backstrom wins face-off versus Marc Savard in Predators zone.
12:25 of 1st period - Shot by Shane Doan.
12:25 of 1st period - Shot Misses the Net.
12:27 of 1st period - Shot by Shane Doan.
12:27 of 1st period - Deflect By Marc Savard.
12:27 of 1st period - Stopped by Pekka Rinne without a rebound.
12:28 of 1st period - Jeff Carter wins face-off versus Jarret Stoll in Predators zone.
12:49 of 1st period - Shot by Marek Zidlicky.
12:49 of 1st period - Shot Misses the Net.
13:27 of 1st period - Shot by Francois Beauchemin.
13:27 of 1st period - Shot Blocked by Zbynek Michalek.
13:31 of 1st period - Shot by Marc Savard.
13:31 of 1st period - Stopped by Pekka Rinne with a rebound.
13:39 of 1st period - Shot by Bryan McCabe.
13:39 of 1st period - Stopped by Pekka Rinne without a rebound.
13:40 of 1st period - Jeff Carter wins face-off versus Kamil Kreps in Predators zone.
15:09 of 1st period - Shot by Scottie Upshall.
15:09 of 1st period - Shot Blocked by Shane OBrien.
15:14 of 1st period - Jeff Carter is hit by Shane OBrien and loses puck.
16:00 of 1st period - Shot by Simon Gagne.
16:00 of 1st period - Stopped by Martin Brodeur without a rebound.
16:01 of 1st period - Kamil Kreps wins face-off versus Eric Nystrom in Sharks zone.
16:08 of 1st period - Off-side.
16:09 of 1st period - David Legwand wins face-off versus Kamil Kreps in neutral zone.
16:11 of 1st period - Patrik Elias is hit by Brad Staubitz and loses puck.
17:18 of 1st period - Minor Penalty to Alexandre Burrows for Roughing.
17:19 of 1st period - Nicklas Backstrom wins face-off versus Marc Savard in Predators zone.
17:31 of 1st period - Shot by Shane OBrien.
17:31 of 1st period - Shot Blocked by Braydon Coburn.
17:33 of 1st period - Shot by Marc Savard.
17:33 of 1st period - Goal by Marc Savard - Predators : 1 - Sharks : 1.
17:34 of 1st period - Nick Foligno wins face-off versus Steven Stamkos in neutral zone.
17:34 of 1st period - Nick Foligno is hit by Alexandre Burrows.
17:47 of 1st period - Shot by Simon Gagne.
17:47 of 1st period - Stopped by Martin Brodeur without a rebound.
17:48 of 1st period - Jeff Carter wins face-off versus Jarret Stoll in Sharks zone.
18:23 of 1st period - Minor Penalty to Blake Comeau for Cross-checking.
18:24 of 1st period - Jeff Carter wins face-off versus Marc Savard in Sharks zone.
18:36 of 1st period - Icing by Simon Gagne.
18:37 of 1st period - Jeff Carter wins face-off versus Marc Savard in Predators zone.
18:42 of 1st period - Simon Gagne is hit by Marc Savard.
19:25 of 1st period - Shot by Thomas Vanek.
19:25 of 1st period - Shot Misses the Net.

Period #2

0:01 of 2nd period - Nicklas Backstrom wins face-off versus Marc Savard in neutral zone.
0:21 of 2nd period - Shot by Nicklas Backstrom.
0:21 of 2nd period - Stopped by Martin Brodeur with a rebound.
0:27 of 2nd period - Shot by Alexandre Burrows.
0:27 of 2nd period - Stopped by Martin Brodeur without a rebound.
0:28 of 2nd period - Steven Stamkos wins face-off versus Erik Christensen in Sharks zone.
0:28 of 2nd period - Steven Stamkos is hit by Shane OBrien.
0:32 of 2nd period - Shot by Steven Stamkos.
0:32 of 2nd period - Shot Misses the Net.
2:02 of 2nd period - Off-side.
2:03 of 2nd period - Jarret Stoll wins face-off versus Jeff Carter in neutral zone.
2:32 of 2nd period - Shot by Patrik Elias.
2:32 of 2nd period - Shot Blocked by Marek Zidlicky.
2:34 of 2nd period - Shot by Jeff Carter.
2:34 of 2nd period - Shot Blocked by Marek Zidlicky.
2:36 of 2nd period - Shot by Patrik Elias.
2:36 of 2nd period - Stopped by Martin Brodeur without a rebound.
2:37 of 2nd period - Nicklas Backstrom wins face-off versus Kamil Kreps in Sharks zone.
2:37 of 2nd period - Patric Hornqvist is hit by Mark Stuart.
2:56 of 2nd period - Minor Penalty to Nicklas Backstrom for Holding.
2:57 of 2nd period - Jeff Carter wins face-off versus Marc Savard in Predators zone.
3:03 of 2nd period - Icing by Mason Raymond.
3:04 of 2nd period - Jeff Carter wins face-off versus Marc Savard in Sharks zone.
3:28 of 2nd period - Shot by Mason Raymond.
3:28 of 2nd period - Shot Blocked by Zbynek Michalek.
3:30 of 2nd period - Shot by Marek Zidlicky.
3:30 of 2nd period - Stopped by Pekka Rinne without a rebound.
3:31 of 2nd period - Jarret Stoll wins face-off versus Jeff Carter in Predators zone.
4:15 of 2nd period - Shot by Bryan McCabe.
4:15 of 2nd period - Shot Misses the Net.
4:17 of 2nd period - Shot by Francois Beauchemin.
4:17 of 2nd period - Stopped by Pekka Rinne with a rebound.
4:19 of 2nd period - Shot by Shane Doan.
4:19 of 2nd period - Shot Misses the Net.
4:32 of 2nd period - Icing by Francois Beauchemin.
4:33 of 2nd period - Marc Savard wins face-off versus David Legwand in Sharks zone.
4:42 of 2nd period - Shot by Francois Beauchemin.
4:42 of 2nd period - Stopped by Pekka Rinne without a rebound.
4:43 of 2nd period - Jarret Stoll wins face-off versus Jeff Carter in Predators zone.
4:52 of 2nd period - Shot by Mason Raymond.
4:52 of 2nd period - Stopped by Pekka Rinne with a rebound.
4:54 of 2nd period - Shot by Johnny Boychuk.
4:54 of 2nd period - Stopped by Pekka Rinne without a rebound.
4:55 of 2nd period - David Legwand wins face-off versus Jarret Stoll in Predators zone.
4:57 of 2nd period - Icing by Alexandre Burrows.
4:58 of 2nd period - Nicklas Backstrom wins face-off versus Alex Tanguay in Predators zone.
5:30 of 2nd period - Shot by Nicklas Backstrom.
5:30 of 2nd period - Stopped by Martin Brodeur without a rebound.
5:31 of 2nd period - Steven Stamkos wins face-off versus Jarret Stoll in Sharks zone.
5:36 of 2nd period - Shot by Steven Stamkos.
5:36 of 2nd period - Shot Misses the Net.
6:49 of 2nd period - Icing by Kamil Kreps.
6:50 of 2nd period - Kamil Kreps wins face-off versus Nicklas Backstrom in Sharks zone.
6:50 of 2nd period - Kamil Kreps is hit by Patric Hornqvist.
8:07 of 2nd period - Shot by Scottie Upshall.
8:07 of 2nd period - Goal by Scottie Upshall - Predators : 2 - Sharks : 1.
8:08 of 2nd period - Steven Stamkos wins face-off versus Erik Christensen in neutral zone.
8:08 of 2nd period - Steven Stamkos is hit by Erik Christensen.
8:16 of 2nd period - Shot by Steven Stamkos.
8:16 of 2nd period - Stopped by Martin Brodeur without a rebound.
8:17 of 2nd period - Steven Stamkos wins face-off versus Jarret Stoll in Sharks zone.
8:20 of 2nd period - Shot by Steven Stamkos.
8:20 of 2nd period - Stopped by Martin Brodeur without a rebound.
8:21 of 2nd period - Erik Christensen wins face-off versus Alexandre Burrows in Sharks zone.
8:34 of 2nd period - Icing by Shane OBrien.
8:35 of 2nd period - David Legwand wins face-off versus Alex Tanguay in Sharks zone.
8:47 of 2nd period - Off-side.
8:48 of 2nd period - Jarret Stoll wins face-off versus Nicklas Backstrom in neutral zone.
9:11 of 2nd period - Shot by Jarret Stoll.
9:11 of 2nd period - Shot Misses the Net.
9:35 of 2nd period - Icing by Johnny Boychuk.
9:36 of 2nd period - Jeff Carter wins face-off versus Jarret Stoll in Sharks zone.
9:46 of 2nd period - Icing by Johnny Boychuk.
9:47 of 2nd period - Jarret Stoll wins face-off versus Steven Stamkos in Sharks zone.
9:47 of 2nd period - Jarret Stoll is hit by Alexandre Burrows.
10:14 of 2nd period - Shot by Alex Tanguay.
10:14 of 2nd period - Stopped by Pekka Rinne without a rebound.
10:15 of 2nd period - Jeff Carter wins face-off versus Marc Savard in Predators zone.
10:42 of 2nd period - Shot by Jeff Carter.
10:42 of 2nd period - Deflect By Patrik Elias.
10:42 of 2nd period - Shot Misses the Net.
11:17 of 2nd period - Icing by Francois Beauchemin.
11:18 of 2nd period - Marc Savard wins face-off versus Steven Stamkos in Sharks zone.
11:33 of 2nd period - Shot by Alexandre Burrows.
11:33 of 2nd period - Deflect By Steven Stamkos.
11:33 of 2nd period - Shot Blocked by Mark Stuart.
12:24 of 2nd period - Icing by Shane OBrien.
12:25 of 2nd period - Nicklas Backstrom wins face-off versus Erik Christensen in Sharks zone.
12:25 of 2nd period - Nicklas Backstrom is hit by Shane OBrien.
12:30 of 2nd period - Icing by Shane OBrien.
12:31 of 2nd period - Erik Christensen wins face-off versus David Legwand in Sharks zone.
12:59 of 2nd period - Shea Weber is hit by Nick Foligno and loses puck.
13:44 of 2nd period - Marc Savard is hit by Nicklas Backstrom and loses puck.
13:52 of 2nd period - Nicklas Backstrom is hit by Bryan McCabe and loses puck.
14:05 of 2nd period - Shot by Mason Raymond.
14:05 of 2nd period - Stopped by Pekka Rinne with a rebound.
14:48 of 2nd period - Off-side.
14:49 of 2nd period - Erik Christensen wins face-off versus Eric Nystrom in neutral zone.
16:24 of 2nd period - Off-side.
16:25 of 2nd period - Jeff Carter wins face-off versus Jarret Stoll in neutral zone.
16:46 of 2nd period - Johnny Boychuk is hit by Scottie Upshall and loses puck.
17:11 of 2nd period - Brent Burns is hit by Jarret Stoll and loses puck.
17:42 of 2nd period - Shot by Nicklas Backstrom.
17:42 of 2nd period - Shot Blocked by Francois Beauchemin.
18:11 of 2nd period - Shot by Steven Stamkos.
18:11 of 2nd period - Stopped by Martin Brodeur without a rebound.
18:12 of 2nd period - Erik Christensen wins face-off versus Jeff Carter in Sharks zone.
18:35 of 2nd period - Minor Penalty to Mark Stuart for Hooking.
18:36 of 2nd period - Jarret Stoll wins face-off versus Simon Gagne in Sharks zone.
18:47 of 2nd period - Icing by Patric Hornqvist.
18:48 of 2nd period - Jeff Carter wins face-off versus Jarret Stoll in Predators zone.
19:02 of 2nd period - Shot by Brent Burns.
19:02 of 2nd period - Shot Misses the Net.
19:04 of 2nd period - Shot by Jeff Carter.
19:04 of 2nd period - Stopped by Martin Brodeur without a rebound.
19:05 of 2nd period - Jarret Stoll wins face-off versus Nicklas Backstrom in Sharks zone.
19:05 of 2nd period - Jarret Stoll is hit by Nicklas Backstrom.
19:39 of 2nd period - Shot by Shea Weber.
19:39 of 2nd period - Stopped by Martin Brodeur without a rebound.
19:40 of 2nd period - Jeff Carter wins face-off versus Jarret Stoll in Sharks zone.

Period #3

0:01 of 3rd period - Nicklas Backstrom wins face-off versus Marc Savard in neutral zone.
0:03 of 3rd period - Patrik Elias is hit by Bryan McCabe and loses puck.
0:06 of 3rd period - Shot by Shea Weber.
0:06 of 3rd period - Shot Misses the Net.
0:11 of 3rd period - Thomas Vanek is hit by Francois Beauchemin and loses puck.
0:17 of 3rd period - Marc Savard and Shea Weber fight to a draw.
0:17 of 3rd period - Penalty to Marc Savard for Fighting.
0:17 of 3rd period - Penalty to Shea Weber for Fighting.
0:18 of 3rd period - Jeff Carter wins face-off versus Jarret Stoll in Sharks zone.
0:23 of 3rd period - Shot by Scottie Upshall.
0:23 of 3rd period - Shot Misses the Net.
0:29 of 3rd period - Shot by Scottie Upshall.
0:29 of 3rd period - Shot Misses the Net.
0:31 of 3rd period - Shot by Scottie Upshall.
0:31 of 3rd period - Stopped by Martin Brodeur without a rebound.
0:32 of 3rd period - Mason Raymond wins face-off versus Nicklas Backstrom in Sharks zone.
2:26 of 3rd period - Minor Penalty to Mark Stuart for Roughing.
2:27 of 3rd period - Simon Gagne wins face-off versus Mason Raymond in Sharks zone.
2:58 of 3rd period - Shot by Simon Gagne.
2:58 of 3rd period - Shot Blocked by Shane Doan.
3:02 of 3rd period - Shot by Jeff Carter.
3:02 of 3rd period - Stopped by Martin Brodeur without a rebound.
3:03 of 3rd period - Nicklas Backstrom wins face-off versus Mason Raymond in Sharks zone.
3:10 of 3rd period - Shot by Alexandre Burrows.
3:10 of 3rd period - Shot Misses the Net.
4:42 of 3rd period - Shot by Alexandre Burrows.
4:42 of 3rd period - Stopped by Martin Brodeur without a rebound.
4:43 of 3rd period - Erik Christensen wins face-off versus Nicklas Backstrom in Sharks zone.
4:43 of 3rd period - Erik Christensen is hit by Nicklas Backstrom.
5:10 of 3rd period - Shot by Alex Tanguay.
5:10 of 3rd period - Shot Misses the Net.
5:33 of 3rd period - Steven Stamkos is hit by Shane OBrien and loses puck.
6:02 of 3rd period - Minor Penalty to Shane OBrien for Hooking.
6:03 of 3rd period - Jarret Stoll wins face-off versus Jeff Carter in Sharks zone.
6:03 of 3rd period - Jarret Stoll is hit by Jeff Carter.
6:35 of 3rd period - Minor Penalty to Patric Hornqvist for Hooking.
6:36 of 3rd period - Marc Savard wins face-off versus Steven Stamkos in Predators zone.
6:43 of 3rd period - Shot by Marc Savard.
6:43 of 3rd period - Shot Misses the Net.
6:45 of 3rd period - Shot by Mason Raymond.
6:45 of 3rd period - Shot Blocked by Shea Weber.
6:47 of 3rd period - Shot by Mark Stuart.
6:47 of 3rd period - Stopped by Pekka Rinne without a rebound.
6:48 of 3rd period - Steven Stamkos wins face-off versus Jarret Stoll in Predators zone.
7:49 of 3rd period - Marc Savard is hit by Nicklas Backstrom and loses puck.
8:19 of 3rd period - Shot by Mason Raymond.
8:19 of 3rd period - Stopped by Pekka Rinne without a rebound.
8:20 of 3rd period - Jeff Carter wins face-off versus Marc Savard in Predators zone.
8:20 of 3rd period - Jeff Carter is hit by Blake Comeau.
8:38 of 3rd period - Shot by Francois Beauchemin.
8:38 of 3rd period - Stopped by Pekka Rinne with a rebound.
8:40 of 3rd period - Shot by Tom Kostopoulos.
8:40 of 3rd period - Stopped by Pekka Rinne without a rebound.
8:41 of 3rd period - Eric Nystrom wins face-off versus Erik Christensen in Predators zone.
8:49 of 3rd period - Minor Penalty to Nick Foligno for Hooking.
8:50 of 3rd period - Jarret Stoll wins face-off versus Jeff Carter in Sharks zone.
8:59 of 3rd period - Shot by Brent Burns.
8:59 of 3rd period - Shot Misses the Net.
9:01 of 3rd period - Shot by Brent Burns.
9:01 of 3rd period - Stopped by Martin Brodeur with a rebound.
9:10 of 3rd period - Shot by Jeff Carter.
9:10 of 3rd period - Stopped by Martin Brodeur without a rebound.
9:11 of 3rd period - Marc Savard wins face-off versus Nicklas Backstrom in Sharks zone.
9:30 of 3rd period - Shot by Nicklas Backstrom.
9:30 of 3rd period - Shot Blocked by Francois Beauchemin.
9:34 of 3rd period - Shot by Nicklas Backstrom.
9:34 of 3rd period - Shot Misses the Net.
9:38 of 3rd period - Shot by Thomas Vanek.
9:38 of 3rd period - Stopped by Martin Brodeur without a rebound.
9:39 of 3rd period - Jarret Stoll wins face-off versus Jeff Carter in Sharks zone.
9:56 of 3rd period - Shot by Jeff Carter.
9:56 of 3rd period - Stopped by Martin Brodeur with a rebound.
9:58 of 3rd period - Shot by Simon Gagne.
9:58 of 3rd period - Shot Misses the Net.
10:00 of 3rd period - Shot by Scottie Upshall.
10:00 of 3rd period - Shot Misses the Net.
10:02 of 3rd period - Shot by Scottie Upshall.
10:02 of 3rd period - Shot Misses the Net.
10:37 of 3rd period - Thomas Vanek is hit by Bryan McCabe and loses puck.
10:42 of 3rd period - Shot by Shea Weber.
10:42 of 3rd period - Shot Blocked by Bryan McCabe.
10:54 of 3rd period - Shot by Steven Stamkos.
10:54 of 3rd period - Stopped by Martin Brodeur without a rebound.
10:55 of 3rd period - Alexandre Burrows wins face-off versus Alex Tanguay in Sharks zone.
11:04 of 3rd period - Shot by Steven Stamkos.
11:04 of 3rd period - Shot Blocked by Erik Christensen.
11:16 of 3rd period - Shot by Erik Christensen.
11:16 of 3rd period - Shot Blocked by Braydon Coburn.
11:18 of 3rd period - Shot by Shane OBrien.
11:18 of 3rd period - Shot Misses the Net.
11:22 of 3rd period - Shot by Erik Christensen.
11:22 of 3rd period - Stopped by Pekka Rinne without a rebound.
11:23 of 3rd period - David Legwand wins face-off versus Kamil Kreps in Predators zone.
12:17 of 3rd period - Steven Stamkos is hit by Johnny Boychuk and loses puck.
12:57 of 3rd period - Patric Hornqvist is hit by Shane OBrien.
13:01 of 3rd period - Shot by Patric Hornqvist.
13:01 of 3rd period - Stopped by Martin Brodeur without a rebound.
13:02 of 3rd period - Jeff Carter wins face-off versus Marc Savard in Sharks zone.
13:07 of 3rd period - Shot by Jeff Carter.
13:07 of 3rd period - Shot Misses the Net.
13:09 of 3rd period - Shot by Tomas Kaberle.
13:09 of 3rd period - Stopped by Martin Brodeur with a rebound.
13:13 of 3rd period - Shot by Patrik Elias.
13:13 of 3rd period - Stopped by Martin Brodeur with a rebound.
13:15 of 3rd period - Shot by Tomas Kaberle.
13:15 of 3rd period - Shot Misses the Net.
13:17 of 3rd period - Shot by Patrik Elias.
13:17 of 3rd period - Shot Blocked by Francois Beauchemin.
13:19 of 3rd period - Shot by Scottie Upshall.
13:19 of 3rd period - Stopped by Martin Brodeur without a rebound.
13:20 of 3rd period - Nicklas Backstrom wins face-off versus Erik Christensen in Sharks zone.
13:23 of 3rd period - Shot by Nicklas Backstrom.
13:23 of 3rd period - Stopped by Martin Brodeur without a rebound.
13:24 of 3rd period - Nicklas Backstrom wins face-off versus Erik Christensen in Sharks zone.
13:57 of 3rd period - Minor Penalty to Nick Foligno for High sticking.
13:58 of 3rd period - Jarret Stoll wins face-off versus Jeff Carter in Sharks zone.
14:45 of 3rd period - Shot by Patrik Elias.
14:45 of 3rd period - Shot Blocked by Jarret Stoll.
14:47 of 3rd period - Shot by Zbynek Michalek.
14:47 of 3rd period - Shot Misses the Net.
14:49 of 3rd period - Shot by Nicklas Backstrom.
14:49 of 3rd period - Stopped by Martin Brodeur without a rebound.
14:50 of 3rd period - Marc Savard wins face-off versus Nicklas Backstrom in Sharks zone.
15:44 of 3rd period - Icing by Scottie Upshall.
15:45 of 3rd period - Jeff Carter wins face-off versus Jarret Stoll in Predators zone.
15:50 of 3rd period - Shot by Patric Hornqvist.
15:50 of 3rd period - Goal by Patric Hornqvist - Predators : 3 - Sharks : 1.
15:51 of 3rd period - Patrik Elias wins face-off versus Jarret Stoll in neutral zone.
16:04 of 3rd period - Shot by Scottie Upshall.
16:04 of 3rd period - Deflect By Patrik Elias.
16:04 of 3rd period - Shot Blocked by Marek Zidlicky.
16:06 of 3rd period - Shot by Jeff Carter.
16:06 of 3rd period - Stopped by Martin Brodeur without a rebound.
16:07 of 3rd period - Jeff Carter wins face-off versus Kamil Kreps in Sharks zone.
16:23 of 3rd period - Icing by Francois Beauchemin.
16:24 of 3rd period - Kamil Kreps wins face-off versus Patrik Elias in Sharks zone.
16:32 of 3rd period - Patrik Elias is hit by Mark Stuart.
16:34 of 3rd period - Shot by Nicklas Backstrom.
16:34 of 3rd period - Shot Misses the Net.
16:37 of 3rd period - Minor Penalty to Mark Stuart for Roughing.
16:38 of 3rd period - Marc Savard wins face-off versus Jeff Carter in Sharks zone.
16:55 of 3rd period - Shot by Simon Gagne.
16:55 of 3rd period - Shot Misses the Net.
18:50 of 3rd period - Shot by Jeff Carter.
18:50 of 3rd period - Deflect By Patric Hornqvist.
18:50 of 3rd period - Stopped by Martin Brodeur without a rebound.
18:51 of 3rd period - Jarret Stoll wins face-off versus Alexandre Burrows in Sharks zone.
19:08 of 3rd period - Shot by Dainius Zubrus.
19:08 of 3rd period - Shot Blocked by Derek Morris.
19:12 of 3rd period - Shot by Blake Comeau.
19:12 of 3rd period - Stopped by Pekka Rinne with a rebound.
19:19 of 3rd period - Alexandre Burrows is hit by Johnny Boychuk and loses puck.
19:57 of 3rd period - Nick Foligno is hit by Shea Weber and loses puck.


Output by the SimonT Hockey Simulator (STHS) for Stephane Roy -- Original Page W3C XHTML 1.0 Valid